 Dungeon Crawl Stone Soup version 0.27-a0-417-g317cea8a3c (webtiles) character file.

Game seed: 17324711229297312963

462 HoaS the Twirler (level 6, -9/48 HPs)
             Began as a Demigod Gladiator on Feb 25, 2021.
             Killed by divine providence
             ... invoked by an orc priest
              (15 damage)
             ... on level 5 of the Dungeon.
             The game lasted 00:06:41 (4436 turns).

HoaS the Twirler (Demigod Gladiator)                Turns: 4436, Time: 00:06:42

Health: -9/48      AC: 13    Str: 23    XL:     6   Next: 49%
Magic:  8/8        EV:  7    Int: 10    God:
Gold:   299        SH:  0    Dex: 15    Spells: 5/5 levels left

rFire    . . .     SeeInvis .   a - +0 quarterstaff
rCold    + . .     Faith    .   (shield currently unavailable)
rNeg     . . .     Spirit   .   b - +0 plate armour
rPois    .         Reflect  .   c - +2 helmet
rElec    .         Harm     .   (no cloak)
rCorr    .         Rampage  .   (no gloves)
Will     .....                  (no boots)
Stlth    ..........             (no amulet)
HPRegen  0.16/turn              n - ring of protection from cold
MPRegen  0.11/turn              (no ring)

@: lethally poisoned (-9 -> -15)
A: high mp 1
a: no special abilities


You were on level 5 of the Dungeon.
You visited 1 branch of the dungeon, and saw 5 of its levels.

You collected 299 gold pieces.

Inventory:

Hand Weapons
 a - a +0 quarterstaff (weapon)
Missiles
 d - 2 throwing nets (quivered)
 g - 25 poisoned darts
 h - 6 atropa-tipped darts
Armour
 b - a +0 plate armour (worn)
 c - a +2 helmet (worn)
Jewellery
 n - a ring of protection from cold (left hand)
Scrolls
 k - 2 scrolls of blinking
 q - 5 scrolls of teleportation
Potions
 e - 4 potions of curing
 f - a potion of heal wounds {unknown}
 i - a potion of lignification
 j - a potion of attraction
 l - a potion of might


   Skills:
 - Level 1.7 Fighting
 + Level 7.1 Staves
 - Level 1.7 Throwing
 - Level 2.6 Dodging


You had 5 spell levels left.
You didn't know any spells.
Your spell library was empty.

Dungeon Overview and Level Annotations

Branches:
Dungeon (5/15)
 Temple: D:4-7


Innate Abilities, Weirdness & Mutations

You have an increased reservoir of magic. (+10% MP)


Message History

The gnoll hits you but does no damage.
You closely miss the gnoll.
You feel sick. The gnoll hits you with a +0 whip.
Your plate armour prevents you from hitting the gnoll.
You feel sick. The gnoll hits you with a +0 whip.
You hit the gnoll but do no damage.
You feel sick. The gnoll hits you but does no damage.
You closely miss the gnoll.
You feel sick. The gnoll closely misses you.
You sock the gnoll!
The gnoll is almost dead.
You feel sick. The gnoll hits you with a +0 whip.
You hit the gnoll.
You kill the gnoll!
* * * LOW HITPOINT WARNING * * *
You feel sick.
You hit the orc.
The orc is moderately wounded.
* * * LOW HITPOINT WARNING * * *
You feel sick. The orc barely misses you.
You sock the orc!
You kill the orc!
* * * LOW HITPOINT WARNING * * *
You feel sick.
You sock the orc!
You kill the orc!
* * * LOW HITPOINT WARNING * * *
You feel sick.
* * * LOW HITPOINT WARNING * * *
You feel sick.
Items here: )))) †.
* * * LOW HITPOINT WARNING * * *
You feel sick.
* * * LOW HITPOINT WARNING * * *
You feel sick.
* * * LOW HITPOINT WARNING * * *
You feel sick.
An orc priest comes into view. It is wielding a +0 war axe.
The orc priest shouts!
You hear a shout!
The orc priest invokes the aid of Beogh against you.
Beogh smites you!
You die...

#.# #.# #.# #.# #.#
######## #.# #......#
#)#
###......#######.#######
.......>...[....@.......
################.#######
#.......†....#.#
#.##########.#.#
#.###### #.#.# #......#
#.#.# ######.#
##'#.######
########'####..o......#
..[.........#.........#


You could see an orc priest.

Vanquished Creatures
  Edmund (D:5)
  An orc priest (D:3)
  3 orc wizards
  2 worker ants
  2 gnolls (D:5)
  7 adders
  An ooze (D:3)
  A worm (D:2)
  3 dart slugs
  5 leopard geckos
  9 orcs
  8 bats
  3 giant cockroaches
  10 goblins
  8 hobgoblins
  8 jackals (D:4)
  6 kobolds
  3 quokkas
  2 ball pythons (D:3)
  5 frilled lizards
  6 rats
94 creatures vanquished.

Vanquished Creatures (others)
  5 plants (D:1)
5 creatures vanquished.

Grand Total: 99 creatures vanquished

Notes
Turn   | Place    | Note
-------+----------+-------------------------------------------
     0 | D:1      | HoaS the Demigod Gladiator began the quest for the Orb.
     0 | D:1      | Reached XP level 1. HP: 17/17 MP: 3/3
    40 | D:1      | Reached skill level 3 in Staves
    99 | D:1      | Reached XP level 2. HP: 24/24 MP: 4/4
   865 | D:2      | Reached XP level 3. HP: 26/29 MP: 5/5
   867 | D:2      | Reached skill level 4 in Staves
  1975 | D:3      | Reached XP level 4. HP: 30/36 MP: 6/6
  2191 | D:3      | Reached skill level 5 in Staves
  2542 | D:3      | Reached XP level 5. HP: 38/41 MP: 7/7
  3312 | D:4      | Reached skill level 6 in Staves
  3853 | D:5      | Entered Level 5 of the Dungeon
  3934 | D:5      | Noticed Edmund
  3958 | D:5      | Killed Edmund
  3959 | D:5      | Reached XP level 6. HP: 31/48 MP: 8/8
  4190 | D:4      | Reached skill level 7 in Staves
  4436 | D:5      | Killed from afar by an orc priest

Illustrated notes

Levels and vault maps discovered:
D:1:      dpeg_arrival_ternary, layout_basic, serial_bayou_lagoon_a,
          minmay_misc_feat_x
D:2:      layout_loops_corners
D:3:      layout_loops_ring
D:4:      layout_loops_corners, kennysheep_nub, chequers_serial_rivers_marsh,
          hangedman_decor_push
D:5:      minmay_bubble_buster, layout_basic, hangedman_glass_teeth,
          nicolae_ru_sacrificial_ziggurat, uniq_edmund

Skill      XL: |  1  2  3  4  5  6 |
---------------+-------------------+-----
Staves         | 3 4 5 6 7 |  7.1
Fighting       | |  1.7
Throwing       | |  1.7
Dodging        | |  2.6

Action                   |  1- 3 |  4- 6 || total
-------------------------+-------+-------++-------
Melee: Quarterstaff      |   132 |   181 ||   313
Throw: Throwing net      |       |     2 ||     2
  Use: Scroll            |    10 |     3 ||    13
 Stab: Held in net/web   |       |     2 ||     2
Armor: Leather armour    |    16 |       ||    16
       Ring mail         |    30 |    17 ||    47
       Plate armour      |       |    65 ||    65
Dodge: Dodged            |    99 |    53 ||   152

Table legend: (Time is in decaauts)
 A = Elapsed time spent in this place.
 B = Non-inter-level travel time spent in this place.
 C = Inter-level travel time spent in this place.
 D = Time resting spent in this place.
 E = Time spent auto-exploring this place.
 F = Levels seen in this place.
 G = Mean time per level.
                   A        B        C        D        E       F      G
               +--------+--------+--------+--------+--------+-----+--------+
         Total |   4468 |   4290 |    178 |    840 |   2717 |   5 |  893.6 |
       Dungeon |   4468 |   4290 |    178 |    840 |   2717 |   5 |  893.6 |
               +--------+--------+--------+--------+--------+-----+--------+

Top non-repeatable levels by time:
     D:4: 1286 daAuts
     D:2: 1134 daAuts
     D:3: 986 daAuts
     D:1: 726 daAuts
     D:5: 335 daAuts
